 Dungeon Crawl Stone Soup version 0.30.2 (webtiles) character file.

Game seed: 8901055508148061026

461 porpoise the Slasher (level 6, -2/49 HPs)
             Began as a Demonspawn Gladiator on Mar 7, 2024.
             Slain by Edmund
             ... wielding a +1 flail of protection
              (5 damage)
             ... on level 5 of the Dungeon.
             The game lasted 00:09:31 (3831 turns).

porpoise the Slasher (Demonspawn Gladiator)         Turns: 3831, Time: 00:09:31

Health: -2/49      AC:  7    Str: 14    XL:     6   Next: 79%
Magic:  6/6        EV: 11    Int: 10    God:
Gold:   232        SH:  0    Dex: 16    Spells: 5/5 levels left

rFire   . . .        a - +0 long sword
rCold   . . .        (no shield)
rNeg    . . .        m - +0 ring mail
rPois   .            f - +2 hat
rElec   .            (no cloak)
rCorr   +            (no gloves)
SInv    .            (no boots)
Will    .....        (no amulet)
Stlth   +            s - ring of resist corrosion
HPRegen 0.28/turn    (no ring)
MPRegen 0.10/turn

%: no passive effects
@: hasted, very quick
A: hooves 2, powered by pain 2
a: no special abilities


You were on level 5 of the Dungeon.
You visited 1 branch of the dungeon, and saw 5 of its levels.

You collected 232 gold pieces.

Inventory:

Hand Weapons
 a - a +0 long sword (weapon)
 b - a +2 sling of flaming
Missiles
 d - 4 throwing nets
 e - a javelin
 n - 7 poisoned darts (quivered)
 t - a boomerang
Armour
 f - a +2 hat (worn)
 m - a +0 ring mail (worn)
Jewellery
 s - a ring of resist corrosion (left hand)
Wands
 k - a wand of polymorph (6)
 v - a wand of charming (2)
Scrolls
 c - a scroll of acquirement {unknown}
 q - 4 scrolls of teleportation
 r - a scroll of fear
 u - a scroll of amnesia
 x - a scroll of enchant armour {unknown}
Potions
 g - a potion of brilliance {unknown}
 h - 2 potions of haste
 i - a potion of mutation {unknown}
 j - a potion of resistance {unknown}
 l - 3 potions of curing
 o - a potion of might {unknown}
 w - a potion of attraction {unknown}


   Skills:
 + Level 4.4 Fighting
 * Level 6.0 Long Blades
 - Level 1.7 Throwing
 - Level 2.6 Dodging


You had 5 spell levels left.
You didn't know any spells.
Your spell library contained the following spells:

 Spells                   Type           Power      Damage    Failure   Level
 Kiss of Death            Conj/Necr      0%         2d5       61%         1
 Call Canine Familiar     Summ           0%         N/A       93%         3
 Confusing Touch          Hex            0%         N/A       93%         3
 Portal Projectile        Hex/Tloc       0%         N/A       93%         3
 Dispel Undead            Necr           0%         3d6       100%        4
 Leda's Liquefaction      Hex/Erth       0%         N/A       100%        4


Dungeon Overview and Level Annotations

Branches:
Dungeon (5/15)
 Temple: D:4-7

Altars:

Annotations:
D:5 Edmund


Innate Abilities, Weirdness & Mutations

You have hoof-like feet.
You sometimes gain power by taking damage.


Message History

Edmund is lightly wounded.
Your +2 sling of flaming stops flaming.
a - a +0 long sword (weapon)
Throw: 8 darts (poison)
Press: ? - help, Q - select action, (/) - cycle Shift-Dir - straight line, f/p - Edmund
Aim: Edmund, wielding a +1 flail of protection and wearing a +1 chain mail of poison resistance (lightly wounded, 69% to hit)
You throw a poisoned dart. The poisoned dart hits Edmund.
Edmund is lightly wounded.
Edmund hits you with a +1 flail of protection.
You hit Edmund.
Edmund is lightly wounded.
Edmund closely misses you.
You hit Edmund. You kick Edmund, but do no damage.
Edmund is moderately wounded.
Edmund says, "A flail is better than a scythe, any day of the week!"
Edmund closely misses you.
You hit Edmund. Your kick misses Edmund.
Edmund is moderately wounded.
Edmund asks, "Have you met my wondrous brother?"
Edmund hits you with a +1 flail of protection!
You barely miss Edmund. You kick Edmund, but do no damage. You punch Edmund.
Edmund is heavily wounded.
Edmund barely misses you.
You closely miss Edmund.
Edmund is heavily wounded.
Edmund hits you with a +1 flail of protection!
You barely miss Edmund. You kick Edmund, but do no damage.
Edmund is heavily wounded.
Edmund hits you with a +1 flail of protection!
You feel yourself speed up.
Edmund hits you with a +1 flail of protection!
* * * LOW HITPOINT WARNING * * *
You hit Edmund. You kick Edmund, but do no damage.
Edmund is heavily wounded.
Edmund hits you with a +1 flail of protection!
* * * LOW HITPOINT WARNING * * *
You hit Edmund but do no damage. Your kick misses Edmund.
Edmund is heavily wounded.
Edmund hits you with a +1 flail of protection.
You die...

#.........#
#.........#.##
#.........#...
#.........#.#. .#
#.........#.>. .#
#.........##..##.#
#.........##?..#.#
#.........# #.@..#
#####.##.## #@#.#
#.##.#####.#.#
#.##....##...#
#.#####.###..# #.#
#.###..#### #.#
#..##.....# #.#
##.##.....#
#.##.##.....#
#..#.##.###..


You could see Edmund.

Vanquished Creatures
  2 ogres
  A phantom (D:4)
  A jelly (D:5)
  An iguana (D:4)
  An orc wizard (D:4)
  Robin (D:4)
  3 adders (D:4)
  An ufetubus (D:5)
  2 dart slugs
  6 orcs
  8 ball pythons
  6 endoplasms
  2 giant cockroaches
  15 goblins
  12 hobgoblins
  3 quokkas
  3 bats
  5 frilled lizards
  11 kobolds
  6 rats
90 creatures vanquished.

Notes
Turn   | Place    | Note
-------+----------+-------------------------------------------
     0 | D:1      | porpoise the Demonspawn Gladiator began the quest for the
                  | Orb.
     0 | D:1      | Reached XP level 1. HP: 16/16 MP: 1/1
    75 | D:1      | Reached skill level 3 in Long Blades
   279 | D:1      | Gained mutation: You sometimes gain a little power by
                  | taking damage. [demonic ancestry]
   279 | D:1      | Reached XP level 2. HP: 22/22 MP: 2/2
  1012 | D:1      | Gained mutation: You sometimes gain power by taking damage.
                  | [demonic ancestry]
  1012 | D:1      | Reached XP level 3. HP: 28/28 MP: 3/3
  2764 | D:4      | Reached skill level 4 in Long Blades
  2764 | D:4      | Discovered your monstrous ancestry.
  2764 | D:4      | Gained mutation: You have large cloven feet. [demonic
                  | ancestry]
  2764 | D:4      | Reached XP level 4. HP: 13/35 MP: 4/4
  3239 | D:4      | Gained mutation: You have hoof-like feet. [demonic
                  | ancestry]
  3239 | D:4      | Reached XP level 5. HP: 41/41 MP: 5/5
  3261 | D:4      | Noticed a phantom
  3276 | D:4      | Killed a phantom
  3277 | D:4      | Reached skill level 5 in Long Blades
  3464 | D:4      | Noticed an ogre
  3471 | D:4      | Killed an ogre
  3472 | D:4      | Reached XP level 6. HP: 35/48 MP: 6/6
  3531 | D:4      | Noticed Robin
  3547 | D:4      | Killed Robin
  3713 | D:5      | Entered Level 5 of the Dungeon
  3749 | D:5      | Reached skill level 6 in Long Blades
  3817 | D:5      | Noticed Edmund
  3831 | D:5      | Slain by Edmund

Illustrated notes

Levels and vault maps discovered:
D:1:      matt_arrival_debris, layout_basic
D:2:      layout_basic
D:3:      layout_loops_ring, minmay_curled_crystal, kennysheep_pointless_box,
          grunt_decor_one_mirror, chequers_serial_rivers_large_b
D:4:      kennysheep_spiral_hall, layout_rooms, uniq_robin
D:5:      layout_rooms, temple_doors_e, uniq_edmund

Skill      XL: |  1  2  3  4  5  6 |
---------------+-------------------+-----
Long Blades    | 3 4 5 6 |  6.0
Fighting       | 3 4 |  4.4
Throwing       | |  1.7
Dodging        | |  2.6

Action                     |  1- 3 |  4- 6 || total
---------------------------+-------+-------++-------
  Melee: Long sword        |    75 |    75 ||   150
         Punch             |     1 |     2 ||     3
         Kick              |       |    20 ||    20
   Fire: Sling             |    92 |    43 ||   135
  Throw: Dart              |     4 |     2 ||     6
    Use: Scroll            |     4 |     2 ||     6
         Potion            |     1 |     2 ||     3
 Armour: Leather armour    |     9 |       ||     9
         Ring mail         |    30 |    43 ||    73
  Dodge: Dodged            |    47 |    73 ||   120
